 Dungeon Sprint DCSS version 0.20-a0-45-gb3e417c (webtiles) character file.

10 esc the Gusty (level 2, 0/18 HPs)
             Began as a High Elf Air Elementalist on Nov 12, 2016.
             Slain by a gnoll
             ... wielding a +0 halberd
              (3 damage)
             ... in the Dungeon (Sprint IX: "|||||||||||||||||||||||||||||").
             The game lasted 00:02:14 (168 turns).

esc the Gusty (High Elf Air Elementalist)            Turns: 168, Time: 00:02:16

Health: 0/18       AC:  2    Str:  7    XL:     2   Next: 10%
Magic:  5/7        EV: 13    Int: 18    God:
Gold:   0          SH:  0    Dex: 15    Spells: 1 memorised, 6 levels left

rFire  . . .     SeeInvis .     h - +0 dagger
rCold  . . .     Gourm    .     a - +0 robe
rNeg   . . .     Faith    .     (no shield)
rPois  .         Spirit   .     (no helmet)
rElec  .         Reflect  .     (no cloak)
rCorr  .         Harm     .     (no gloves)
MR     .....     NoTele   +     (no boots)
Stlth  ++........               (no amulet)
                                (no ring)
                                (no ring)

@: no status effects
A: no striking features
a: no special abilities


You were in the Dungeon.
You were not hungry.

You visited 1 branch

Inventory:

Hand Weapons
 h - a +0 dagger (weapon)
   (You took it off a goblin in the Dungeon)
Armour
 a - a +0 robe (worn)
Scrolls
 i - a scroll of blinking {!r}
Potions
 d - a potion of curing
 e - a potion of heal wounds
 f - a potion of haste
 g - a potion of magic
Books
 b - a book of Air
Comestibles
 c - a bread ration {@e1}
 j - 4 chunks of flesh {@w0}


   Skills:
 + Level 1.6 Fighting
 + Level 2.9 Dodging
 - Level 2.1 Stealth
 + Level 3.3 Spellcasting
 + Level 2.1 Conjurations
 + Level 4.2 Air Magic


You had 6 spell levels left.
You knew the following spells:

 Your Spells              Type           Power        Failure   Level  Hunger
a - Shock                 Conj/Air       ##..         4%          1    None


Dungeon Overview and Level Annotations

Branches:
Dungeon (1/1)

Altars:


Message History

The bat misses you.
Health restored: 19 You barely miss the bat.
The bat closely misses you. The bat misses you.
You barely miss the bat. The bat misses you.
You punch the bat!
You kill the bat!
You hit the goblin.
You kill the goblin!
Your Air Magic skill increases to level 4!
The bat hits you but does no damage.
You closely miss the bat. The bat hits you.
You take 1 damage, and have 18/19 hp.
You punch the bat!
You kill the bat!
Your Spellcasting skill increases to level 3!
You punch the giant cockroach!
You kill the giant cockroach!
Your Conjurations skill increases to level 2!
h - a dagger
There is an open door to the Dungeon, spattered with blood here.
Things that are here:
a giant cockroach corpse; a bat corpse; a dart slug corpse You butcher the giant cockroach corpse.
You feel a strong urge to attack something.
j - a chunk of flesh {@w0}
There is an open door to the Dungeon, spattered with blood here.
Things that are here:
a bat corpse; a dart slug corpse You butcher the bat corpse.
You are no longer berserk.
You are exhausted.
You feel yourself slow down.
j - 2 chunks of flesh {@w0} (gained 1)
There is an open door to the Dungeon, spattered with blood here.
You see here a dart slug corpse.
You now have 12/13 hp.
Wield which item (- for none, * to show all)? (? for menu, Esc to quit)
h - a +0 dagger (weapon)
You butcher the dart slug corpse.
j - 4 chunks of flesh {@w0} (gained 2)
There is an open door to the Dungeon, spattered with blood here.
Health restored: 13 There isn't anything here!
There isn't anything here!
There is an open door to the Dungeon, spattered with blood here.
Your magical contamination has completely faded away.
You start resting.
You feel yourself speed up.
You regained 2 mp, and now have 4/5 mp.
You start resting.
MP restored: 5 You start waiting.
You feel less exhausted.
You start waiting.
Done waiting.
Okay, then.
You open the door.
An iguana, a gnoll, a centaur, a zombie and a dart slug come into view.
The centaur shouts!
Aim: a dart slug (clinging, hasn't noticed you)
The zap hits the dart slug.
The gnoll shouts!
The iguana hisses angrily.
The dart slug launches a dart at you. The slug dart misses you.
You now have 4/5 mp.
Aim: a dart slug (heavily wounded, clinging)
The zap hits the dart slug.
You now have 3/5 mp.
Aim: a dart slug (severely wounded, clinging)
The zap hits the dart slug.
The dart slug misses you.
You now have 2/5 mp.
Aim: a dart slug (almost dead, clinging)
The zap hits the dart slug.
You kill the dart slug!
You have reached level 2!
Health restored: 18 You now have 1/7 mp.
Aim: an iguana The zap misses the iguana.
The iguana barely misses you.
You now have 0/7 mp.
Okay, then.
Magic courses through your body. The iguana misses you.
The gnoll hits you from afar with a halberd.
You take 5 damage, and have 13/18 hp.
MASSIVE DAMAGE!!
MP restored: 7 Wield which item (- for none, * to show all)? (? for menu, Esc to quit)
Okay, then.
Unknown command.
Aim: an iguana The zap hits the iguana.
The iguana bites you!
Ouch! That really hurt!
* * * LOW HITPOINT WARNING * * *
You take 10 damage, and have 3/18 hp.
MASSIVE DAMAGE!!
You now have 6/7 mp.
Aim: an iguana (lightly wounded)
The zap hits the iguana.
The gnoll hits you from afar with a halberd.
You die... ▓▓▓▓▓▓▓▓▓▓▓▓▓▓▓▓▓▓ +..Zcgl@....'...<▓ ▓▓▓▓▓▓▓▓▓▓▓▓▓▓▓▓▓▓

You could see a centaur, an iguana, a gnoll and an adder zombie.

Vanquished Creatures
  2 dart slugs (D)
  A giant cockroach (D)
  A goblin (D)
  2 bats (D)
6 creatures vanquished.

Notes
Turn   | Place    | Note
-------+----------+-------------------------------------------
     0 | D        | esc the High Elf Air Elementalist began the quest for the Orb.
     0 | D        | Reached XP level 1. HP: 11/11 MP: 4/4
     9 | D        | Reached skill level 1 in Fighting
    13 | D        | Reached skill level 4 in Air Magic
    15 | D        | Reached skill level 3 in Spellcasting
    16 | D        | Reached skill level 2 in Conjurations
   160 | D        | Noticed a centaur
   160 | D        | Noticed an iguana
   164 | D        | Reached XP level 2. HP: 18/18 MP: 1/7
   167 | D        | HP: 3/18 [iguana (10)]
   168 | D        | Slain by a gnoll

Vault maps used:
D:        linesprint

Skill      XL: |  1 |
---------------+----+-----
Fighting       | 1 |  1.6
Air Magic      | 4 |  4.2
Spellcasting   | 3 |  3.3
Conjurations   | 2 |  2.1
Dodging        | |  2.9
Stealth        | |  2.1

Action                   || total
-------------------------++-------
Melee: Unarmed           ||     8
 Cast: Shock             ||    10
  Use: Potion            ||     2
Armor: Robe              ||     2
Dodge: Dodged            ||     9

Vault maps used:
D:        linesprint

Table legend:
 A = Turns spent in this place as a percentage of turns spent in the entire game.
 B = Non-inter-level travel turns spent in this place as a percentage of non-inter-level travel turns spent in the entire game.
 C = Inter-level travel turns spent in this place as a percentage of turns spent in this place.
 D = Turns resting spent in this place as a percentage of non-inter-level travel turns spent in this place.
 E = Turns spent auto-exploring this place as a percentage of non-inter-level travel turns spent in this place.
 F = Non-inter-level travel turns spent in this place divided by the number of levels of this place that you've seen.
                   A       B       C       D       E      F
               +-------+-------+-------+-------+-------+----------------------
         Total | 100.0 | 100.0 |   0.0 |   8.5 |   0.0 |  59.0
       Dungeon | 100.0 | 100.0 |   0.0 |   8.5 |   0.0 |  59.0
               +-------+-------+-------+-------+-------+----------------------

Table legend:
 A = Kills in this place as a percentage of kills in entire the game.
 B = Kills by you in this place as a percentage of kills by you in the entire game.
 C = Kills by friends in this place as a percentage of kills by friends in the entire game.
 D = Other kills in this place as a percentage of other kills in the entire game.
 E = Experience gained in this place as a percentage of experience gained in the entire game.
 F = Experience gained in this place divided by the number of levels of this place that you have seen.
                   A       B       C       D       E      F
               +-------+-------+-------+-------+-------+----------------------
         Total | 100.0 | 100.0 |  -nan |  -nan | 100.0 |  15.0
       Dungeon | 100.0 | 100.0 |  -nan |  -nan | 100.0 |  15.0
               +-------+-------+-------+-------+-------+----------------------
